 Dungeon Crawl Stone Soup version 0.21.1 (webtiles) character file.

3595 Mgcat the Fighter (level 10, 0/68 HPs)
             Began as a Gargoyle Abyssal Knight on Feb 4, 2018.
             Was a High Priest of Lugonu.
             Shot with a sling bullet by Joseph (5 damage)
             ... on level 8 of the Dungeon.
             The game lasted 00:22:55 (10035 turns).

Mgcat the Fighter (Gargoyle Abyssal Knight)        Turns: 10035, Time: 00:22:56

Health: 0/68       AC: 10    Str: 16    XL:     10   Next: 10%
Magic:  13/13      EV: 11    Int: 17    God:    Lugonu [*****.]
Gold:   397        SH:  0    Dex: 12    Spells: 9/9 levels left

rFire    . . .     SeeInvis .   s - +4 dire flail (vamp)
rCold    . . .     Gourm    .   (shield currently unavailable)
rNeg     + . .     Faith    .   b - +0 leather armour
rPois    ∞         Spirit   .   (no helmet)
rElec    +         Reflect  .   (no cloak)
rCorr    .         Harm     .   (no gloves)
MR       .....                  (no boots)
Stlth    +.........             (no amulet)
HPRegen  0.21/turn              t - +4 ring of intelligence
MPRegen  0.13/turn              (no ring)

@: no status effects
A: negative energy resistance 1, electricity resistance, unbreathing,
petrification resistance, rot immunity, AC +7
a: Depart the Abyss, Bend Space, Banish, Corrupt, Enter the Abyss, Renounce
Religion


You were on level 8 of the Dungeon.
You worshipped Lugonu.
Lugonu was extremely pleased with you.
You were not hungry.

You visited 1 branch of the dungeon, and saw 8 of its levels.
You visited the Abyss 1 time.
You also visited: Sewer and Ossuary.

You collected 397 gold pieces.

Inventory:

Hand Weapons
 a - a +1 mace
 e - a +1 flail of crushing
 k - a +2 hand axe of chopping
 s - a +4 vampiric dire flail (weapon)
Armour
 b - a +0 leather armour (worn)
 d - a +1 plate armour
Jewellery
 t - a +4 ring of intelligence (left hand)
Wands
 v - a wand of disintegration (5)
 w - a wand of iceblast (6)
Scrolls
 f - a scroll of teleportation
 g - 6 scrolls of identify
 n - 4 scrolls of remove curse
 r - 2 scrolls of summoning
 u - a scroll of fear {unknown}
 x - a scroll of enchant armour
 y - a scroll of blinking
Potions
 h - 4 potions of curing
 i - 4 potions of heal wounds {unknown}
 j - a potion of degeneration {unknown}
 l - a potion of brilliance {unknown}
 m - a potion of resistance {unknown}
 o - 2 potions of flight {unknown}
 p - 2 potions of agility {unknown}
 q - a potion of invisibility {unknown}
 z - 3 potions of cancellation {unknown}
Comestibles
 c - 8 rations
 A - 2 chunks of flesh


   Skills:
 + Level 10.5 Fighting
 + Level 9.4 Maces & Flails
 + Level 4.6 Armour
 - Level 0.9 Dodging
 + Level 5.0 Invocations


You had 9 spell levels left.
You didn't know any spells.

Dungeon Overview and Level Annotations

Branches:
Dungeon (8/15)             Temple (0/1) D:5
   Lair: D:8-11

Altars:
Dithmenos
Elyvilon
Fedhas
Hepliaklqana
Makhleb
Nemelex Xobeh
Okawaru
Qazlal
Ru
Trog
Vehumet
Yredelemnul

Shops:
D:5 [

Annotations:
D:8 Joseph


Innate Abilities, Weirdness & Mutations

You are resistant to torment.
Your stone body is resilient. (AC +7)
You are immune to poison.
You resist negative energy. (rN+)
You are resistant to electric shocks. (rElec)
You can survive without breathing.
You are immune to petrification.
You are immune to rotting.


Message History

It stops flaming.
Joseph wields an uncursed quarterstaff.
Joseph hits you with an uncursed quarterstaff.
You feel better.
You hit Joseph but do no damage. Joseph hits you but does no damage.
Joseph says, "You will never get the ORB, sorry."
Joseph unwields an uncursed quarterstaff.
Joseph wields an uncursed hunting sling of flaming.
It bursts into flame!
Joseph shoots a sling bullet.
The sling bullet hits you! The sling bullet burns you.
You see here a sling bullet.
Joseph unwields an uncursed hunting sling of flaming.
It stops flaming.
Joseph wields an uncursed quarterstaff.
Joseph hits you with an uncursed quarterstaff!
* * * LOW HITPOINT WARNING * * *
Joseph unwields an uncursed quarterstaff.
Joseph wields an uncursed hunting sling of flaming.
It bursts into flame!
Joseph shoots a sling bullet.
The sling bullet hits you!
* * * LOW HITPOINT WARNING * * *
The sling bullet burns you.
You die...

####### ###
#...@.# ..
###.....######
#.##.#...(.@....#
#.#....(...####.#
####....†.....#
.......(.##.###
###.........#
###..###.## #..#
###


You could see Joseph.

Vanquished Creatures
  The ghost of xight the Magician, a novice DEFE of Vehumet (D:5)
  Edmund (D:4)
  2 phantoms
  A sky beast (D:7)
  3 black bears (D:6)
  2 ogres (D:7)
  3 centaurs
  A big kobold (Sewer)
  3 bullfrogs (D:6)
  3 elf zombies (Ossuary)
  A wyvern zombie (D:7)
  A water moccasin zombie (D:7)
  A scorpion (D:7)
  13 wights (D:6)
  4 crimson imps
  A bullfrog zombie (D:5)
  A quasit (D:5)
  An orc priest (D:5)
  A hound (D:5)
  A centaur skeleton (D:4)
  A bullfrog skeleton (D:6)
  Terence (D:3)
  An iguana (D:7)
  2 orc wizards (D:5)
  4 worker ants
  A killer bee zombie (D:6)
  A big kobold zombie (Ossuary)
  5 mummies
  A worker ant zombie (D:5)
  9 adders
  8 gnolls
  5 river rats (Sewer)
  2 shadow imps
  3 oozes
  An adder zombie (Ossuary)
  5 worms
  3 dart slugs
  7 leopard geckos
  11 orcs
  6 bats
  8 giant cockroaches
  10 goblins
  6 hobgoblins
  12 jackals
  3 quokkas
  10 ball pythons
  4 frilled lizards
  A gnoll zombie (Ossuary)
  A goblin zombie (Ossuary)
  2 hobgoblin zombies (Ossuary)
  2 jackal zombies (Ossuary)
  24 kobolds
  A kobold zombie (Ossuary)
  A leopard gecko skeleton (D:4)
  A quokka skeleton (D:5)
  48 rats
256 creatures vanquished.

Notes
Turn   | Place    | Note
-------+----------+-------------------------------------------
     0 | Abyss:1  | Mgcat the Gargoyle Abyssal Knight began the quest for the Orb.
     0 | Abyss:1  | Reached XP level 1. HP: 14/14 MP: 2/2
    11 | D:1      | Escaped the Abyss
   175 | D:1      | Reached XP level 2. HP: 19/19 MP: 3/3
   496 | D:1      | Reached XP level 3. HP: 20/24 MP: 4/4
   721 | D:1      | Reached ** piety under Lugonu
  1091 | D:1      | Reached skill level 4 in Fighting
  1233 | D:2      | Found a faded altar of an unknown god.
  1379 | D:2      | Reached XP level 4. HP: 24/29 MP: 5/5
  1701 | D:2      | Found a radiant altar of Vehumet.
  2331 | D:2      | Reached XP level 5. HP: 31/34 MP: 6/6
  2634 | D:3      | Found a hazy altar of Hepliaklqana.
  3006 | D:3      | Noticed Terence
  3019 | D:3      | Killed Terence
  3019 | D:3      | Reached skill level 5 in Fighting
  3351 | D:3      | Found an iron altar of Okawaru.
  3385 | D:3      | Found a sacrificial altar of Ru.
  3472 | D:4      | Found a sparkling altar of Nemelex Xobeh.
  3559 | D:4      | Reached *** piety under Lugonu
  3813 | D:4      | Noticed Edmund
  3988 | D:4      | Killed Edmund
  3988 | D:4      | Reached XP level 6. HP: 15/40 MP: 6/8
  4424 | D:5      | Entered Level 5 of the Dungeon
  4454 | D:5      | Found a staircase to the Ecumenical Temple.
  4455 | D:5      | Noticed a phantom
  4937 | D:5      | Found a stormy altar of Qazlal.
  5007 | D:5      | Reached XP level 7. HP: 45/45 MP: 9/9
  5021 | D:5      | Found a glowing drain.
  5026 | Sewer    | Entered a sewer
  5083 | Sewer    | Reached skill level 6 in Fighting
  5256 | Sewer    | Reached **** piety under Lugonu
  5267 | Sewer    | Reached skill level 5 in Maces & Flails
  5955 | D:5      | Noticed xight's ghost (novice DEFE)
  6097 | D:6      | Reached XP level 8. HP: 11/52 MP: 11/11
  6126 | D:6      | Reached skill level 5 in Invocations
  6288 | D:6      | Found a bloodstained altar of Trog.
  6299 | D:6      | Reached skill level 7 in Fighting
  6613 | D:6      | Reached skill level 8 in Fighting
  6951 | D:6      | Reached XP level 9. HP: 34/60 MP: 12/12
  7281 | D:6      | Reached skill level 9 in Fighting
  7393 | D:6      | Found a burning altar of Makhleb.
  7664 | D:5      | Found a basalt altar of Yredelemnul.
  7665 | D:5      | Found a blossoming altar of Fedhas.
  7666 | D:5      | Found a white marble altar of Elyvilon.
  7671 | D:5      | Found a shadowy altar of Dithmenos.
  7723 | D:5      | Killed xight's ghost
  7780 | D:5      | Reached ***** piety under Lugonu
  8102 | D:5      | Found Hoddaf's Armour Boutique.
  8635 | D:7      | Reached skill level 10 in Fighting
  8661 | D:7      | Found a sand-covered staircase.
  8671 | Ossuary  | Entered an ossuary
  9234 | D:7      | Reached XP level 10. HP: 68/68 MP: 13/13
 10022 | D:8      | Noticed Joseph
 10035 | D:8      | Shot with a sling bullet by Joseph

Skill      XL: |  1  2  3  4  5  6  7  8  9 |
---------------+----------------------------+-----
Fighting       | 4 5 6 8 10 | 10.5
Maces & Flails | 3 4 5 7 9 |  9.4
Invocations    | 3 4 5 |  5.0
Armour         | 4 |  4.6
Dodging        | |  0.9

Action                   |  1- 3 |  4- 6 |  7- 9 | 10-12 || total
-------------------------+-------+-------+-------+-------++-------
Melee: Mace              |    75 |       |       |       ||    75
       Hand axe          |    43 |   188 |       |       ||   231
       Flail             |       |    45 |   263 |       ||   308
       Dire flail        |       |       |   204 |    33 ||   237
Invok: Bend Space        |       |     2 |     2 |       ||     4
  Use: Scroll            |     3 |     5 |     7 |       ||    15
       Potion            |       |     5 |    11 |     1 ||    17
  Eat: Chunk             |     1 |    12 |    13 |     4 ||    30
Armor: Leather armour    |    67 |   114 |   253 |    15 ||   449
Dodge: Dodged            |    90 |   139 |   332 |    12 ||   573
